 Dungeon Crawl Stone Soup version 0.29.0-11-gd7f09526c8 (webtiles) character file.

Game seed: 16744595129268147257

62 Strat the Chopper (level 4, 0/39 HPs)
             Began as a Hill Orc Monk on Sept 3, 2022.
             Slain by Robin
             ... wielding a +0 trident
              (5 damage)
             ... on level 2 of the Dungeon.
             The game lasted 00:02:32 (567 turns).

Strat the Chopper (Hill Orc Monk)                    Turns: 567, Time: 00:02:32

Health: 0/39       AC:  7    Str: 15    XL:     4   Next: 8%
Magic:  4/4        EV: 10    Int: 10    God:
Gold:   0          SH:  0    Dex: 13    Spells: 3/3 levels left

rFire   . . .      SeeInvis .   a - +0 hand axe
rCold   . . .      Faith    .   (no shield)
rNeg    . . .      Spirit   .   f - +1 scale mail
rPois   .          Reflect  .   (no helmet)
rElec   .          Harm     .   (no cloak)
rCorr   .          Rampage  .   (no gloves)
Will    .....                   (no boots)
Stlth   ..........              (no amulet)
HPRegen 0.13/turn               (no ring)
MPRegen 0.09/turn               (no ring)

@: no status effects
A: no striking features
a: no special abilities


You were on level 2 of the Dungeon.
You visited 1 branch of the dungeon, and saw 2 of its levels.

Inventory:

Hand Weapons
 a - a +0 hand axe (weapon)
Armour
 b - a +0 robe
 d - a +0 leather armour
 f - a +1 scale mail (worn)
Potions
 c - a potion of ambrosia
 e - a potion of brilliance {unknown}
 g - a potion of degeneration {unknown}


   Skills:
 - Level 3.6 Fighting
 + Level 5.5 Axes
 + Level 2.4 Armour
 - Level 2.4 Dodging
 - Level 1.5 Stealth


You had 3 spell levels left.
You didn't know any spells.
Your spell library contained the following spells:

 Spells                   Type           Power      Damage    Failure   Level
 Portal Projectile        Hex/Tloc       0%         N/A       99%         3
 Tukima's Dance           Hex            0%         N/A       99%         3
 Blade Hands              Tmut           0%         N/A       100%        5


Dungeon Overview and Level Annotations

Branches:
Dungeon (2/15)

Altars:

Annotations:
D:2 Robin


Message History

Robin misses you.
The goblin shouts!
You hear a shout!
Robin throws the goblin at you!
You hit the goblin.
You kill the goblin!
You hit the goblin. The goblin hits you but does no damage.
Robin points. "Kill!"
You hit the goblin.
You kill the goblin!
Robin says, "My goblins will feast on your bones."
Robin hits you from afar with a +0 trident.
* * * LOW HITPOINT WARNING * * *
Things that are here:
a +0 dagger; a goblin corpse Robin closely misses you.
You hit Robin but do no damage.
Robin says, "My goblins will feast on your bones."
Robin hits you but does no damage.
You barely miss Robin. Robin misses you. Robin hits you but does no damage.
You hit Robin but do no damage. You hit the goblin.
The goblin barely misses you.
Robin roars a battlecry!
The goblin goes into a battle-frenzy!
You hit Robin but do no damage. You hit the goblin but do no damage.
The goblin hits you with a +0 dagger.
* * * LOW HITPOINT WARNING * * *
Robin barely misses you.
You barely miss Robin. You hit the goblin.
The goblin hits you with a +0 dagger.
* * * LOW HITPOINT WARNING * * *
Robin hits you but does no damage.
You hit Robin.
Robin is lightly wounded.
You hit the goblin.
You kill the goblin!
Robin hits you but does no damage.
You hit Robin.
Robin is heavily wounded.
Robin hits you with a +0 trident.
You die...

#.# .###.
#.......# #..
.....##.#...##.
###
...........###.#
####...........#
#g##...##### #g
##.## #.
#)#######
#.###).....?.
#..g@))..####
#######.## .# .#
#


You could see Robin.

Vanquished Creatures
  Terence (D:2)
  A dart slug (D:1)
  2 endoplasms (D:1)
  11 goblins
  2 hobgoblins (D:2)
  4 kobolds (D:1)
  2 quokkas (D:1)
  4 ball pythons (D:1)
  2 bats (D:1)
  3 frilled lizards
  A rat (D:2)
33 creatures vanquished.

Notes
Turn   | Place    | Note
-------+----------+-------------------------------------------
     0 | D:1      | Strat the Hill Orc Monk began the quest for the Orb.
     0 | D:1      | Reached XP level 1. HP: 19/19 MP: 1/1
   134 | D:1      | Reached XP level 2. HP: 24/26 MP: 2/2
   215 | D:1      | Reached skill level 1 in Armour
   353 | D:1      | Reached skill level 5 in Axes
   353 | D:1      | Reached XP level 3. HP: 15/31 MP: 3/3
   385 | D:2      | Found a faded altar of an unknown god.
   393 | D:2      | Noticed Robin
   523 | D:2      | Noticed Terence
   551 | D:2      | Killed Terence
   552 | D:2      | Reached XP level 4. HP: 8/39 MP: 4/4
   567 | D:2      | Slain by Robin

Illustrated notes

Levels and vault maps discovered:
D:1:      dpeg_arrival_boxes_within_box, layout_basic, serial_shops,
          nicolae_diamond_shop, wad_floor_pattern_untrapped
D:2:      minmay_chambers_of_twos, layout_loops_ring, basic_ecumenical_altar,
          st_stairs_13, kennysheep_generic_room_8, uniq_robin, uniq_terence

Skill      XL: |  1  2  3 |
---------------+----------+-----
Armour         | 1 2 |  2.4
Axes           | 5 |  5.5
Fighting       | |  3.6
Dodging        | |  2.4
Stealth        | |  1.5

Action                   |  1- 3 |  4- 6 || total
-------------------------+-------+-------++-------
Melee: Hand axe          |   117 |     9 ||   126
  Use: Scroll            |     1 |       ||     1
Armor: Robe              |     4 |       ||     4
       Leather armour    |    12 |       ||    12
       Scale mail        |    21 |     5 ||    26
Dodge: Dodged            |    65 |     5 ||    70
